 Dungeon Crawl Stone Soup version 0.20-a0-638-gd210ae2 (webtiles) character file.

8279 Kiturien the Warrior (level 11, -3/114 HPs)
             Began as a Hill Orc Fighter on Feb 12, 2017.
             Was an Elder of Qazlal.
             Slain by an orc warlord
             ... wielding a +3 long sword of flaming
              (9 damage)
             ... on level 1 of the Orcish Mines.
             The game lasted 00:34:45 (9985 turns).

Kiturien the Warrior (Hill Orc Fighter)             Turns: 9985, Time: 00:34:46

Health: -3/114     AC: 12    Str: 27    XL:     11   Next: 28%
Magic:  11/11      EV: 13    Int:  8    God:    Qazlal [****..]
Gold:   1082       SH: 22    Dex: 22    Spells: 10/10 levels left

rFire    + + +     SeeInvis .   F - +7 flail of Noruitag {flame, rF+ Str+6}
rCold    x . .     Gourm    .   B - +1 leather armour of Amelioration {-Tele rF++ rC- Dex+10}
rNeg     . . .     Faith    .   c - +1 shield
rPois    .         Spirit   .   (no helmet)
rElec    .         Reflect  +   (no cloak)
rCorr    .         Harm     .   s - +2 pair of gloves
MR       .....     NoTele   +   n - +1 pair of boots of the Sacrificial Victim {Regen+}
Stlth    +.........             o - +3 amulet of reflection
Regen    0.7/turn               b - ring of protection from fire
                                w - +2 ring of protection

@: exhausted, slowed, studying 2 skills, repel missiles, very slow
A: thin skeletal structure 1, fire resistance 1, weak 1, MP-powered wands
a: Upheaval, Elemental Force, Renounce Religion


You were on level 1 of the Orcish Mines.
You worshipped Qazlal.
Qazlal was greatly pleased with you.
You were not hungry.

You visited 3 branches of the dungeon, and saw 13 of its levels.
You also visited: Bailey.

You collected 1082 gold pieces.

Inventory:

Hand Weapons
 a - a +0 war axe
 F - the +7 flail of Noruitag (weapon) {flame, rF+ Str+6}
   (You found it on level 8 of the Dungeon)

   It has been specially enchanted to burn those struck by it, causing extra
   injury to most foes and up to half again as much damage against particularly
   susceptible opponents.
   It affects your strength (+6).
   It protects you from fire.
 H - a +3 long sword
Missiles
 t - 18 javelins of returning (quivered)
Armour
 c - a +1 shield (worn)
 e - the +4 ring mail "Dootiaj" {rC- Regen+ Int-2 Stlth+}
   (You acquired it in a bailey)

   It affects your intelligence (-2).
   It makes you vulnerable to cold.
   It increases your rate of regeneration.
   It makes you more stealthy.
 n - the +1 pair of boots of the Sacrificial Victim (worn) {Regen+}
   (You found it on level 6 of the Dungeon)

   It increases your rate of regeneration.
 s - a +2 pair of gloves (worn)
 u - a +0 plate armour
 y - a +3 chain mail
 B - the +1 leather armour of Amelioration (worn) {-Tele rF++ rC- Dex+10}
   (You found it on level 5 of the Dungeon)

   It affects your dexterity (+10).
   It greatly protects you from fire.
   It makes you vulnerable to cold.
   It prevents most forms of teleportation.
 L - a +2 chain mail of positive energy
Jewellery
 b - a ring of protection from fire (right hand)
 o - a +3 amulet of reflection (around neck)
 w - a +2 ring of protection (left hand)
 z - an uncursed amulet of the gourmand
Wands
 I - a wand of lightning (6/15)
 J - a wand of random effects (40/48)
Scrolls
 g - 2 scrolls of enchant armour
 h - 3 scrolls of blinking
 k - 2 scrolls of fear
 p - a scroll of recharging
 r - a scroll of identify
 G - a scroll of enchant weapon {unknown}
 K - a scroll of random uselessness {unknown}
Potions
 d - a potion of might
 i - 4 potions of cancellation
 m - 6 potions of curing
 q - 2 potions of flight
Books
 A - a manual of
Armour
 C - a manual of Fighting
Comestibles
 f - 7 bread rations
 j - 4 meat rations
 l - 9 fruits
 v - 2 royal jellies
 E - 5 chunks of flesh


   Skills:
 - Level 16.1 Fighting
 - Level 11.6 Axes
 + Level 8.7 Armour
 - Level 3.2 Dodging
 - Level 8.8 Shields


You had 10 spell levels left.
You didn't know any spells.

Dungeon Overview and Level Annotations

Branches:
Dungeon (10/15)            Temple (1/1) D:4             Orc (2/2) D:9
   Lair: D:8-11         Elf: Orc:2

Altars:
Ashenzari
Cheibriados
Dithmenos
Elyvilon
Fedhas
Gozag
Hepliaklqana
Kikubaaqudgha
Makhleb
Nemelex Xobeh
Okawaru
Qazlal
Ru
Sif Muna
Trog
Uskayaw
Vehumet
Xom
Yredelemnul
Zin
The Shining One


Innate Abilities, Weirdness & Mutations

You have a somewhat thin skeletal structure. (Dex +2, Stealth)
Your flesh is heat resistant. (rF+)
You are weak. (Str -2)
You expend magic power (3 MP) to strengthen your wands.


Message History

The orc warrior misses you.
The orc warrior hits you with a scimitar!
* * * LOW HITPOINT WARNING * * *
The warg bites you.
* * * LOW HITPOINT WARNING * * *
The orc warlord hits you but does no damage.
The orc warrior hits you with a halberd!!
* * * LOW HITPOINT WARNING * * *
You block the orc warrior's attack.
The warg is engulfed in blazing flames.
The warg bites you but does no damage. You block the orc warlord's attack.
The warg is engulfed in blazing flames.
The warg bites you but does no damage. You block the orc warrior's attack. x2
Things that are here:
a flail; a plate armour; a warg skeleton The warg is engulfed in blazing flames.
You kill the warg!
Qazlal accepts your kill. You block the orc warrior's attack.
The orc warlord hits you with a long sword of flaming!
You die...

##....................###..#
##....................##...#
###.#..#................#....#
##.........#...................
#..............................
##.....................).......
##..........§o.§..............
#.........oo§o§......).......
##...#.#.....@##.#........#...
#.......#...§§.#........##.(.#
##.....................))..)#.
##..............##......#....
##..#..........##.....#..[#.
#............####.......<))
#............####.....#).).
##.............##.....##.)..
#...#.....#.#.####..#####...


You could see an orc warlord and 3 orc warriors.

Vanquished Creatures
  The ghost of Laan the Destroyer, a novice KoFE (D:8)
  The ghost of Kiturien the Shield-Bearer, a novice HOFi (D:4)
  Joseph (D:8)
  3 hippogriffs
  A spriggan (D:8)
  2 yaks
  5 wargs
  A water moccasin (D:8)
  An ice beast (D:7)
  15 orc warriors
  A black bear (D:9)
  8 ogres
  4 centaurs
  2 bullfrogs
  A gnoll sergeant (D:7)
  3 scorpions
  14 killer bees
  5 wights (D:7)
  2 crimson imps
  A quasit (D:7)
  A jelly (D:8)
  3 orc priests
  3 hounds
  7 orc wizards
  Jessica (D:2)
  3 iguanas
  A hell rat (D:9)
  2 worker ants
  A killer bee zombie (D:7)
  A hound skeleton (D:5)
  2 howler monkey zombies
  8 gnolls
  10 adders
  2 shadow imps (D:5)
  An adder zombie (D:7)
  2 worms
  2 adder skeletons
  3 dart slugs
  5 leopard geckos
  56 orcs
  9 bats
  6 giant cockroaches
  10 goblins
  7 hobgoblins
  7 jackals
  8 kobolds
  5 quokkas
  8 frilled lizards
  A giant cockroach zombie (D:3)
  A leopard gecko skeleton (D:4)
  2 quokka skeletons
  6 rats
256 creatures vanquished.

Vanquished Creatures (others)
  6 centaurs (Bailey)
6 creatures vanquished.

Grand Total: 262 creatures vanquished

Notes
Turn   | Place    | Note
-------+----------+-------------------------------------------
     0 | D:1      | Kiturien the Hill Orc Fighter began the quest for the Orb.
     0 | D:1      | Reached XP level 1. HP: 19/19 MP: 1/1
   221 | D:1      | Reached XP level 2. HP: 27/27 MP: 2/2
   607 | D:1      | Reached XP level 3. HP: 33/33 MP: 3/3
  1001 | D:2      | Reached skill level 4 in Fighting
  1196 | D:3      | Reached XP level 4. HP: 13/40 MP: 4/4
  1793 | D:2      | Noticed Jessica
  1797 | D:2      | Killed Jessica
  1797 | D:2      | Reached XP level 5. HP: 38/47 MP: 5/5
  1975 | D:2      | Found a glowing golden altar of the Shining One.
  2466 | D:2      | Found a basalt altar of Yredelemnul.
  3524 | D:4      | Noticed Kiturien's ghost (novice HOFi)
  3537 | D:4      | Killed Kiturien's ghost
  3537 | D:4      | Reached skill level 1 in Dodging
  3537 | D:4      | Reached skill level 5 in Shields
  3537 | D:4      | Reached XP level 6. HP: 42/55 MP: 6/6
  3537 | D:4      | Reached XP level 7. HP: 46/60 MP: 7/7
  3691 | D:4      | Reached skill level 5 in Fighting
  3721 | D:4      | Found a bloodstained altar of Trog.
  4044 | D:4      | Found a staircase to the Ecumenical Temple.
  4049 | Temple   | Entered the Ecumenical Temple
  4123 | Temple   | Became a worshipper of Qazlal Stormbringer
  4353 | D:4      | Found a sparkling altar of Nemelex Xobeh.
  4491 | D:5      | Entered Level 5 of the Dungeon
  4784 | D:5      | Found a hazy altar of Hepliaklqana.
  4879 | D:5      | Got a slimy leather armour
  4890 | D:5      | Identified the +1 leather armour of Amelioration {-Tele rF++ rC- Dex+10} (You found it on level 5 of the Dungeon)
  4900 | D:5      | Gained mutation: You expend magic power (3 MP) to strengthen your wands. [potion of mutation]
  4900 | D:5      | Gained mutation: You are weak. (Str -2) [potion of mutation]
  4900 | D:5      | Gained mutation: You have a somewhat thin skeletal structure. (Dex +2, Stealth) [potion of mutation]
  4900 | D:5      | Gained mutation: Your flesh is heat resistant. (rF+) [potion of mutation]
  5265 | D:5      | Reached XP level 8. HP: 64/68 MP: 8/8
  5361 | D:6      | Found a basalt altar of Yredelemnul.
  5403 | D:6      | Got a pair of dazzling boots
  5409 | D:6      | Identified the +1 pair of boots of the Sacrificial Victim {Regen+} (You found it on level 6 of the Dungeon)
  5558 | D:6      | Found an ancient bone altar of Kikubaaqudgha.
  5683 | D:6      | Reached skill level 5 in Armour
  6218 | D:7      | Reached * piety under Qazlal
  6340 | D:7      | Reached skill level 10 in Axes
  6343 | D:7      | Reached XP level 9. HP: 75/75 MP: 9/9
  6345 | D:7      | Reached skill level 6 in Fighting
  6420 | D:7      | Found a flagged portal.
  6432 | Bailey   | Entered a bailey
  6711 | Bailey   | Reached ** piety under Qazlal
  7182 | Bailey   | Reached XP level 10. HP: 84/84 MP: 10/10
  7387 | Bailey   | Reached skill level 7 in Fighting
  7419 | Bailey   | Identified a scroll of acquirement
  7420 | Bailey   | Got a shimmering ring mail
  7431 | Bailey   | Identified the +4 ring mail "Dootiaj" {rC- Regen+ Int-2 Stlth+} (You acquired it in a bailey)
  7614 | D:7      | Reached skill level 8 in Fighting
  7725 | D:7      | Found a glowing golden altar of the Shining One.
  8124 | D:8      | Noticed Laan's ghost (novice KoFE)
  8157 | D:8      | Killed Laan's ghost
  8157 | D:8      | Reached skill level 10 in Fighting
  8320 | D:8      | Reached *** piety under Qazlal
  8320 | D:8      | Reached skill level 11 in Fighting
  8332 | D:8      | Got a pitted flail
  8333 | D:8      | Identified the +7 flail of Noruitag {flame, rF+ Str+6} (You found it on level 8 of the Dungeon)
  8353 | D:8      | Noticed Joseph
  8361 | D:8      | Killed Joseph
  8406 | D:8      | Reached skill level 12 in Fighting
  8621 | D:9      | Reached skill level 13 in Fighting
  8681 | D:9      | Reached skill level 14 in Fighting
  8717 | D:9      | Found a staircase to the Orcish Mines.
  8731 | D:9      | Reached skill level 15 in Fighting
  8803 | D:9      | Reached XP level 11. HP: 108/112 MP: 11/11
  9164 | D:10     | Entered Level 10 of the Dungeon
  9177 | D:10     | Noticed a death yak
  9178 | D:10     | Noticed a death yak
  9180 | D:10     | Noticed a death yak
  9185 | D:9      | Reached skill level 16 in Fighting
  9255 | Orc:1    | Entered Level 1 of the Orcish Mines
  9361 | Orc:1    | Reached **** piety under Qazlal
  9841 | Orc:2    | Entered Level 2 of the Orcish Mines
  9883 | Orc:2    | Noticed an orc warlord
  9983 | Orc:1    | HP: 4/114 [orc warrior/halberd[an orc warlord] (22)]
  9985 | Orc:1    | Slain by an orc warlord

Vault maps used:
D:1:      evilmike_arrival_hilbert_curve, serial_bayou_ford_a,
          minmay_misc_feat_five, hangedman_decor_growths
D:2:      lemuel_round_altar, nicolae_overflow_crystal_walls, uniq_jessica
D:3:      first_bread
D:4:      lemuel_coloured_pillars_altar, minmay_temple_entry_grid,
          nemelex_lonely_heart_becter
D:5:      lemuel_doored_altar, corner_web_ring, serial_park_tiny_pond
D:6:      kiku_gazebo_garden_becter, basic_altar, kennysheep_generic_room_10
D:7:      basic_altar, enter_bailey_2
D:8:      the_bakery, uniq_joseph
D:9:      minmay_orc_entry_guard_dogs
D:10:     dpeg_lair_monsters, grunt_ministairs_14
Temple:   compressed_dpeg_circular_temple
Orc:2:    st_orc_congregation, basic_altar, serial_shops,
          nicolae_shop_temple_entry_statues_fountains
Bailey:   bailey_polearm_flooded_kennysheep, bailey

Skill      XL: |  1  2  3  4  5  6  7  8  9 10 11 |
---------------+----------------------------------+-----
Axes           | 3 4 7 8 10 11 | 11.6
Fighting       | 4 5 6 15 16 | 16.1
Shields        | 4 5 6 8 |  8.8
Armour         | 4 5 8 |  8.7
Dodging        | 1 2 3 |  3.2

Action                   |  1- 3 |  4- 6 |  7- 9 | 10-12 || total
-------------------------+-------+-------+-------+-------++-------
Melee: War axe           |   123 |   182 |   338 |   204 ||   847
       Flail             |       |       |       |    98 ||    98
  Use: Scroll            |       |       |    15 |     4 ||    19
       Potion            |       |       |     7 |     2 ||     9
 Stab: Sleeping          |       |       |     3 |       ||     3
  Eat: Chunk             |       |     4 |     8 |     8 ||    20
       Bread ration      |       |     1 |     1 |       ||     2
       Royal jelly       |       |       |       |     1 ||     1
Armor: Scale mail        |    46 |    96 |    14 |       ||   156
       Leather armour    |       |       |    68 |    58 ||   126
Dodge: Dodged            |    33 |    49 |   138 |    97 ||   317
Block: Shield            |    77 |    99 |   366 |   319 ||   861
       Reflection        |       |       |    37 |     2 ||    39
